 Dungeon Crawl Stone Soup version 0.21-a0-201-g8501b10 (webtiles) character file.

2613 Ijustatesigmund the Basher (level 9, 0/64 HPs)
             Began as an Octopode Fighter on Aug 17, 2017.
             Was an Initiate of Cheibriados.
             Slain by a bullfrog (3 damage)
             ... on level 7 of the Dungeon.
             The game lasted 00:13:27 (6880 turns).

Ijustatesigmund the Basher (Octopode Fighter)       Turns: 6880, Time: 00:13:29

Health: 0/64       AC:  1    Str: 17    XL:     9   Next: 60%
Magic:  19/19      EV: 14    Int: 11    God:    Cheibriados [......]
Gold:   331        SH: 11    Dex: 15    Spells: 8/8 levels left

rFire    . . .     SeeInvis +   a - +0 morningstar
rCold    + . .     Gourm    .   b - +1 shield
rNeg     . . .     Faith    .   (helmet restricted)
rPois    .         Spirit   .   r - amulet of regeneration
rElec    .         Reflect  .   e - ring of protection from cold
rCorr    .         Harm     .   j - ring of magical power
MR       .....                  f - ring of flight
Stlth    ++........             u - ring of see invisible
HPRegen  0.60/turn              (no ring)
MPRegen  0.16/turn              (no ring)
                                (no ring)
                                (no ring)

@: lethally poisoned (0 -> -24), flying, very slow
A: almost no armour, stealthy swim, amphibious, 8 rings, constrict 8, camouflage
1, gelatinous body 1
a: Bend Time, Renounce Religion


You were on level 7 of the Dungeon.
You worshipped Cheibriados.
Cheibriados was noncommittal.
You were not hungry.

You visited 2 branches of the dungeon, and saw 8 of its levels.

You collected 331 gold pieces.

Inventory:

Hand Weapons
 a - a +0 morningstar (weapon)
 y - the +7 rapier of Defenestration {vamp, +Inv rElec Int-2}
   (You found it on level 7 of the Dungeon)

   It inflicts no extra harm, but heals its wielder when it wounds a living foe.
   It affects your intelligence (-2).
   It insulates you from electricity.
   It lets you turn invisible.
Missiles
 w - 3 javelins (quivered)
Armour
 b - a +1 shield (worn)
Jewellery
 e - a ring of protection from cold (left tentacle)
 f - a ring of flight (on tentacle)
 j - a ring of magical power (right tentacle)
 r - an amulet of regeneration (around mantle)
 t - an uncursed amulet of faith
 u - a ring of see invisible (on tentacle)
Wands
 g - a wand of iceblast (9/15)
 m - a wand of digging (14/24)
 z - a wand of polymorph (19/24)
Scrolls
 k - 5 scrolls of enchant armour
 o - 4 scrolls of remove curse
 q - 4 scrolls of teleportation
Potions
 c - 2 potions of might
 h - 3 potions of resistance
 i - 2 potions of agility
 n - 2 potions of curing
 v - a potion of invisibility {unknown}
 x - a potion of mutation {unknown}
Comestibles
 d - 3 bread rations
 l - a meat ration
 p - 4 royal jellies


   Skills:
 + Level 7.4 Fighting
 + Level 8.4 Maces & Flails
 - Level 5.6 Dodging
 - Level 5.7 Shields
 + Level 1.5 Invocations


You had 8 spell levels left.
You didn't know any spells.

Dungeon Overview and Level Annotations

Branches:
Dungeon (7/15)             Temple (1/1) D:7

Altars:
Ashenzari
Cheibriados
Dithmenos
Elyvilon
Fedhas
Gozag
Hepliaklqana
Kikubaaqudgha
Makhleb
Nemelex Xobeh
Okawaru
Ru
Sif Muna
Trog
Uskayaw
Vehumet
Wu Jian
Yredelemnul
Zin
The Shining One

Shops:
D:4 [


Innate Abilities, Weirdness & Mutations

You cannot wear most types of armour.
You are very stealthy in the water. (Stealth+)
You are amphibious.
You can wear up to eight rings at the same time.
You can use your tentacles to constrict eight enemies at once.
Your skin changes colour to match your surroundings (Stealth+).
Your rubbery body absorbs attacks. (AC +1, EV +1)


Message History

Cheibriados appreciates the change of pace.
You constrict the gnoll, but do no damage.
You feel sick. The gnoll closely misses you. The bullfrog hits you!
The gnoll sergeant hits you with a trident of venom.
You are more poisoned.
The bullfrog closely misses you. The gnoll completely misses you.
It was a potion of flight.
You feel very buoyant.
You fly up into the air.
You constrict the gnoll sergeant. You constrict the gnoll.
You feel very sick. The bullfrog barely misses you.
You block the bullfrog's attack.
The gnoll hits you from afar with a spear.
* * * LOW HITPOINT WARNING * * *
The gnoll sergeant hits you with a trident of venom!
* * * LOW HITPOINT WARNING * * *
You are more poisoned.
The gnoll barely misses you. You block the bullfrog's attack.
The bullfrog hits you.
You die...

## ##..#..##.
.....##.##...##....
##............###...
.####..............##...
........................
...........#............
............##.<........
......FF...........####.
......g@..........## ##
.....gg...........## #
...................##
##########............##
#≈≈≈≈≈≈≈≈#.............##
#≈♣♣..♣♣≈#.#########....##
#≈♣♣..♣♣≈#..# #.....#
#≈.......'..########......
#≈.......'...............#


You could see a gnoll sergeant, 2 bullfrogs and 2 gnolls.

Vanquished Creatures
  Grinder (D:6)
  The ghost of Azzok the Skirmisher, an amateur HOFi (D:4)
  Eustachio (D:6)
  An orc warrior (D:6)
  A sky beast (D:7)
  3 phantoms
  4 ogres
  2 centaurs
  Blork the orc (D:6)
  3 bullfrogs
  A scorpion (D:6)
  3 crimson imps
  2 hounds
  3 orc priests (D:6)
  Crazy Yiuf (D:3)
  Jessica (D:3)
  6 orc wizards
  6 worker ants
  3 gnolls
  8 adders
  3 shadow imps
  4 worms
  4 dart slugs
  6 leopard geckos
  20 orcs
  3 giant cockroaches
  6 goblins
  8 hobgoblins
  4 jackals
  6 quokkas
  A ball python (D:5)
  A ball python skeleton (D:4)
  6 bats
  2 frilled lizards
  10 kobolds
  6 rats
142 creatures vanquished.

Notes
Turn   | Place    | Note
-------+----------+-------------------------------------------
     0 | D:1      | Ijustatesigmund the Octopode Fighter began the quest for the Orb.
     0 | D:1      | Reached XP level 1. HP: 16/16 MP: 1/1
   286 | D:1      | Reached XP level 2. HP: 20/21 MP: 2/2
   388 | D:1      | Reached skill level 3 in Maces & Flails
   443 | D:1      | Reached XP level 3. HP: 24/26 MP: 3/3
  1126 | D:2      | Found a faded altar of an unknown god.
  1408 | D:2      | Reached skill level 4 in Maces & Flails
  1826 | D:3      | Reached XP level 4. HP: 31/31 MP: 4/4
  1956 | D:3      | Noticed Jessica
  1964 | D:3      | Killed Jessica
  2088 | D:3      | Found a runed door.
  2137 | D:3      | Noticed Crazy Yiuf
  2142 | D:3      | Killed Crazy Yiuf
  2142 | D:3      | Reached skill level 5 in Maces & Flails
  2142 | D:3      | Reached XP level 5. HP: 36/36 MP: 5/5
  2738 | D:4      | Noticed Azzok's ghost (amateur HOFi)
  2750 | D:4      | Killed Azzok's ghost
  2750 | D:4      | Reached XP level 6. HP: 16/43 MP: 6/6
  2751 | D:4      | Reached skill level 6 in Maces & Flails
  3374 | D:4      | Reached XP level 7. HP: 46/49 MP: 7/7
  3448 | D:4      | Found Ruilout's Armour Shoppe.
  4230 | D:5      | Entered Level 5 of the Dungeon
  4293 | D:5      | Reached skill level 5 in Fighting
  4457 | D:5      | Reached XP level 8. HP: 55/55 MP: 8/8
  4508 | D:5      | Found an opulent altar of Gozag.
  4914 | D:6      | Noticed Eustachio
  4926 | D:6      | Killed Eustachio
  4926 | D:6      | Reached skill level 7 in Maces & Flails
  5152 | D:6      | Reached skill level 5 in Shields
  5228 | D:6      | Reached skill level 5 in Dodging
  5282 | D:6      | Found a shadowy altar of Dithmenos.
  5439 | D:6      | Reached XP level 9. HP: 62/62 MP: 9/9
  5509 | D:6      | Noticed Grinder
  5513 | D:6      | Paralysed by Grinder for 2 turns
  5517 | D:6      | Killed Grinder
  5603 | D:6      | Noticed Blork the orc
  5606 | D:6      | Killed Blork the orc
  5976 | D:6      | Reached skill level 8 in Maces & Flails
  6105 | D:7      | Got a dazzling rapier
  6225 | D:7      | Identified the +7 rapier of Defenestration {vamp, +Inv rElec Int-2} (You found it on level 7 of the Dungeon)
  6423 | D:7      | Found a staircase to the Ecumenical Temple.
  6429 | Temple   | Entered the Ecumenical Temple
  6504 | Temple   | Became a worshipper of Cheibriados the Contemplative
  6735 | D:7      | Reached skill level 1 in Invocations
  6817 | D:7      | Found a glowing golden altar of the Shining One.
  6880 | D:7      | HP: 3/64 [gnoll sergeant/trident of venom (10)]
  6880 | D:7      | Slain by a bullfrog

Vault maps used:
D:1:      nicolae_arrival_somewhat_less_tricky_arrival
D:2:      first_bread, chequers_ecumenical_altar_grove, minmay_misc_feat_x
D:3:      uniq_crazy_yiuf_cottage, uniq_jessica
D:4:      serial_shops, kennysheep_mini, minmay_misc_feat_tower
D:5:      grunt_gozag_breadcrumbs, kennysheep_generic_room_16
D:6:      grunt_dithmenos_smoke_and_mirrors, uniq_eustachio, uniq_blork_the_orc,
          uniq_grinder
D:7:      tso_metal_star, minmay_temple_entry_hall, kennysheep_generic_room_5,
          uniq_duvessa
Temple:   regret_index_temple_mists

Skill      XL: |  1  2  3  4  5  6  7  8  9 |
---------------+----------------------------+-----
Maces & Flails | 3 4 5 6 7 8 |  8.4
Fighting       | 4 5 6 7 |  7.4
Dodging        | 4 5 |  5.6
Shields        | 4 5 |  5.7
Invocations    | 1 |  1.5

Action                   |  1- 3 |  4- 6 |  7- 9 || total
-------------------------+-------+-------+-------++-------
Melee: Flail             |    61 |    36 |       ||    97
       Constrict         |    19 |    18 |    45 ||    82
       Tentacles         |    10 |    13 |    47 ||    70
       Morningstar       |       |    30 |   204 ||   234
Throw: Javelin           |       |     8 |     5 ||    13
  Use: Scroll            |     6 |     1 |     6 ||    13
       Potion            |       |     1 |     5 ||     6
 Stab: Sleeping          |     7 |     2 |     6 ||    15
       Distracted        |       |       |     1 ||     1
  Eat: Chunk             |     3 |     5 |    11 ||    19
       Bread ration      |       |       |     1 ||     1
Armor: Skin              |     6 |     9 |     3 ||    18
Dodge: Dodged            |    22 |    23 |    78 ||   123
Block: Shield            |    15 |    27 |    82 ||   124
